 Dungeon Sprint DCSS version 0.22-a0-422-g9628fc8 (webtiles) character file.

135 Kidiri the Thaumaturge (level 4, -11/24 HPs)
             Began as a Deep Elf Fire Elementalist on May 22, 2018.
             Was a Priest of Vehumet.
             Killed from afar by a bullfrog (25 damage)
             ... with an exploding inner flame
             ... hexed by the player character
             ... in the Dungeon (Sprint VII: "The Pits").
             The game lasted 00:04:34 (480 turns).

Kidiri the Thaumaturge (Deep Elf Fire Elementalist)  Turns: 480, Time: 00:04:34

Health: -11/24     AC:  2    Str:  5    XL:     4   Next: 96%
Magic:  4/17       EV: 13    Int: 21    God:    Vehumet [***...]
Gold:   0          SH:  0    Dex: 15    Spells: 9/22 levels left

rFire    . . .     SeeInvis .   o - +3 dagger (venom)
rCold    . . .     Gourm    .   (no shield)
rNeg     . . .     Faith    .   a - +0 robe
rPois    .         Spirit   .   (no helmet)
rElec    .         Reflect  .   (no cloak)
rCorr    .         Harm     .   (no gloves)
MR       .....     NoTele   +   (no boots)
Stlth    ++........             (no amulet)
HPRegen  0.08/turn              (no ring)
MPRegen  0.15/turn              (no ring)

@: no status effects
A: no striking features
a: Renounce Religion


You were in the Dungeon.
You worshipped Vehumet.
Vehumet was most pleased with you.
You were not hungry.

You visited 1 branch

Inventory:

Hand Weapons
 o - a +3 dagger of venom (weapon)
Armour
 a - a +0 robe (worn)
Scrolls
 i - a scroll of blinking
 k - 3 scrolls of remove curse
 l - 5 scrolls of amnesia
 m - a scroll of summoning
Potions
 d - 6 potions of curing
 e - 6 potions of heal wounds
 f - a potion of haste
 g - 4 potions of magic
 h - 3 potions of berserk rage
 j - 2 potions of invisibility
Comestibles
 b - 6 chunks of flesh
 c - 9 rations


   Skills:
 - Level 2.4 Dodging
 - Level 2.4 Stealth
 * Level 9.6 Spellcasting
 + Level 5.3 Conjurations
 + Level 6.3 Fire Magic


You had 9 spell levels left.
You knew the following spells:

 Your Spells              Type           Power        Failure   Level  Hunger
a - Flame Tongue          Conj/Fire      ####.        1%          1    None
b - Throw Flame           Conj/Fire      ####..       1%          2    None
c - Conjure Flame         Conj/Fire      ####....     1%          3    None
d - Inner Flame           Hex/Fire       ###.....     1%          3    None
e - Sticky Flame          Conj/Fire      ####....     1%          4    ##.....

Your spell library contained the following spells:

 Spells                   Type           Power        Failure   Level  Hunger
 Fireball                 Conj/Fire      ####......   4%          5    ####...


Dungeon Overview and Level Annotations

Branches:
Dungeon (1/1)

Altars:
Ashenzari
Cheibriados
Dithmenos
Elyvilon
Fedhas
Gozag
Hepliaklqana
Kikubaaqudgha
Makhleb
Nemelex Xobeh
Okawaru
Qazlal
Ru
Sif Muna
Trog
Uskayaw
Vehumet
Wu Jian
Xom
Yredelemnul
Zin
The Shining One
Beogh
Jiyva
Lugonu

Annotations:
D exclusion: 6 doors


Message History

Press: ? - help, Shift-Dir - straight line, f - bullfrog, p - kobold
Aim: a bullfrog (chance to defeat MR: 80%)
The bullfrog is filled with an inner flame.
A big kobold comes into view.
Casting: Inner Flame (safe; 1% risk of failure)
Confirm with . or Enter, or press ? or * to list all spells.
Aiming: Sticky Flame (safe; 1% risk of failure)
Press: ? - help, Shift-Dir - straight line, f/p - bullfrog
Aim: a bullfrog (flame, inner flame)
The sticky flame hits the bullfrog.
The bullfrog is moderately wounded.
The bullfrog is covered in liquid flames!
The bullfrog burns!
The bullfrog is engulfed in blazing flames.
The bullfrog hits you.
The bullfrog is engulfed in blazing flames.
The bullfrog explodes!
The fiery explosion engulfs you!
Ouch! That really hurt!
You die...

#'#####+#####.....
#.#..#.....##.....
#.#))#####+#####+#
#.#))#.....##.....
#.#))#.....##.....
#.#[[###+####.....
#.##+#)....##...<.
#.#........##.....
#@#........##.....
#ยง###########.....


#KK ###### #c.. #...# #..## #... #... You could see a big kobold, a centaur and
a kobold (inner flame).

Vanquished Creatures
  A floating eye (D)
  A gnoll (D)
  2 river rats (D)
  3 jackals (D)
  A quokka (D)
  A bat (D)
  A frilled lizard (D)
  A rat (D)
11 creatures vanquished.

Notes
Turn   | Place    | Note
-------+----------+-------------------------------------------
     0 | D        | Kidiri the Deep Elf Fire Elementalist began the quest for the Orb.
     0 | D        | Reached XP level 1. HP: 10/10 MP: 6/6
    82 | D        | Found a bloodstained altar of Trog.
    82 | D        | Found a deep blue altar of Sif Muna.
    82 | D        | Found a viscous altar of Jiyva.
    82 | D        | Found a hazy altar of Hepliaklqana.
    82 | D        | Found an opulent altar of Gozag.
    83 | D        | Found a glowing golden altar of the Shining One.
    83 | D        | Found a glowing silver altar of Zin.
    83 | D        | Found a basalt altar of Yredelemnul.
    83 | D        | Found a shimmering altar of Xom.
    83 | D        | Found an ornate altar of the Wu Jian Council.
    83 | D        | Found a sacrificial altar of Ru.
    83 | D        | Found a stormy altar of Qazlal.
    83 | D        | Found an iron altar of Okawaru.
    83 | D        | Found a sparkling altar of Nemelex Xobeh.
    83 | D        | Found a burning altar of Makhleb.
    83 | D        | Found a blossoming altar of Fedhas.
    83 | D        | Found a white marble altar of Elyvilon.
    83 | D        | Found a shadowy altar of Dithmenos.
    83 | D        | Found a snail-covered altar of Cheibriados.
    84 | D        | Found a radiant altar of Vehumet.
    84 | D        | Found a corrupted altar of Lugonu.
    84 | D        | Found a roughly hewn altar of Beogh.
    85 | D        | Found a hide-covered altar of Uskayaw.
    85 | D        | Found an ancient bone altar of Kikubaaqudgha.
    85 | D        | Found a shattered altar of Ashenzari.
    92 | D        | Became a worshipper of Vehumet
   114 | D        | Reached skill level 5 in Spellcasting
   114 | D        | Reached XP level 2. HP: 15/15 MP: 2/10
   199 | D        | Reached * piety under Vehumet
   199 | D        | Offered knowledge of Magic Dart by Vehumet.
   265 | D        | Learned a level 2 spell: Throw Flame
   275 | D        | Noticed a floating eye
   278 | D        | Reached ** piety under Vehumet
   278 | D        | Reached skill level 6 in Spellcasting
   286 | D        | Killed a floating eye
   286 | D        | Reached skill level 9 in Spellcasting
   286 | D        | Reached skill level 5 in Conjurations
   286 | D        | Reached XP level 3. HP: 17/19 MP: 6/15
   286 | D        | Reached XP level 4. HP: 22/24 MP: 6/17
   291 | D        | Learned a level 3 spell: Conjure Flame
   295 | D        | Learned a level 3 spell: Inner Flame
   300 | D        | Learned a level 4 spell: Sticky Flame
   306 | D        | Reached *** piety under Vehumet
   475 | D        | Noticed a bullfrog
   476 | D        | Noticed a centaur
   479 | D        | Noticed a big kobold
   480 | D        | Killed a bullfrog
   480 | D        | Killed from afar by a bullfrog

Vault maps used:
D:        pitsprint

Skill      XL: |  1  2 |
---------------+-------+-----
Spellcasting   | 5 9 |  9.6
Conjurations   | 2 5 |  5.3
Fire Magic     | 4 6 |  6.3
Dodging        | |  2.4
Stealth        | |  2.4

Action                   |  1- 3 |  4- 6 || total
-------------------------+-------+-------++-------
Melee: Dagger            |     1 |       ||     1
 Cast: Flame Tongue      |    22 |     2 ||    24
       Sticky Flame      |       |     2 ||     2
       Inner Flame       |       |     2 ||     2
       Conjure Flame     |       |     1 ||     1
Armor: Robe              |     1 |       ||     1
Dodge: Dodged            |     9 |     1 ||    10

Table legend:
 A = Spawn XP
 B = Non-spawn XP
 C = Spawn XP percentage of total XP
 D = Spawn monster count
 E = Non-spawn monster count
 F = Spawn count percentage of total count
 G = Total turns spent on level
                    A         B        C        D         E        F      G
               +---------+---------+-------+---------+---------+-------+---------
         Total |       0 |     193 |   0.0 |       0 |      11 |   0.0 |   480
               +---------+---------+-------+---------+---------+-------+---------
             D |       0 |     193 |   0.0 |       0 |      11 |   0.0 |   480
               +---------+---------+-------+---------+---------+-------+---------
